 Dungeon Crawl Stone Soup version 0.19-a0-606-gee5277e (webtiles) character file.

133 Laan the Conjurer (level 4, -2/24 HPs)
             Began as a Deep Elf Fire Elementalist on June 12, 2016.
             Killed by divine providence
             ... invoked by an orc priest
              (13 damage)
             ... on level 3 of the Dungeon.
             The game lasted 00:05:24 (2437 turns).

Laan the Conjurer (Deep Elf Fire Elementalist)      Turns: 2437, Time: 00:05:25

Health: -2/24      AC:  3    Str:  5    XL:     4   Next: 94%
Magic:  4/10       EV: 13    Int: 21    God:
Gold:   72         SH:  0    Dex: 15    Spells: 1 memorised, 8 levels left

rFire  + . .     SeeInvis .     k - +2 dagger (elec)
rCold  x . .     Gourm    .     a - +0 robe
rNeg   . . .     Faith    .     (no shield)
rPois  .         Spirit   .     (no helmet)
rElec  .         Dismiss  .     (no cloak)
rCorr  .         Reflect  .     l - +0 pair of gloves
SustAt .         Harm     .     (no boots)
MR     .....                    (no amulet)
Stlth  ++........               (no ring)
                                i - ring of fire

@: not resistant to hostile enchantments, unstealthy
A: no striking features
a: no special abilities


You were on level 3 of the Dungeon.
You were not hungry.

You visited 1 branch of the dungeon, and saw 3 of its levels.

You collected 72 gold pieces.

Inventory:

Hand Weapons
 k - a +2 dagger of electrocution (weapon)
Armour
 a - a +0 robe (worn)
 l - a +0 pair of gloves (worn)
Jewellery
 i - a ring of fire (left hand)
Scrolls
 e - 2 scrolls of magic mapping {unknown}
 f - 4 scrolls of identify {unknown}
 g - 2 scrolls of enchant weapon {unknown}
 h - a scroll of immolation {unknown}
 j - 2 scrolls of remove curse {unknown}
 n - a scroll of random uselessness {unknown}
 o - a scroll of fog {unknown}
 p - a scroll of teleportation {unknown}
Potions
 q - a potion of resistance {unknown}
 r - a potion of haste {unknown}
 s - 2 potions of flight {unknown}
Books
 b - a book of Flames

   Spells                             Type                      Level
   a - Flame Tongue                   Conjuration/Fire             1
   b - Throw Flame                    Conjuration/Fire             2
   c - Conjure Flame                  Conjuration/Fire             3
   d - Inner Flame                    Hexes/Fire                   3
   e - Sticky Flame                   Conjuration/Fire             4
   f - Fireball                       Conjuration/Fire             5
 m - a book of Clouds

   Spells                             Type                      Level
   a - Mephitic Cloud                 Conjuration/Poison/Air       3
   b - Conjure Flame                  Conjuration/Fire             3
   c - Poisonous Cloud                Conjuration/Poison/Air       6
   d - Freezing Cloud                 Conjuration/Ice/Air          6
   e - Ring of Flames                 Charms/Fire                  7
Comestibles
 c - 3 bread rations
 d - 2 meat rations
 t - 2 fruits


   Skills:
 - Level 2.4 Dodging
 - Level 2.4 Stealth
 - Level 3.0 Spellcasting
 + Level 5.3 Conjurations
 - Level 3.2 Fire Magic


You had 8 spell levels left.
You knew the following spells:

 Your Spells              Type           Power        Failure   Level  Hunger
a - Flame Tongue          Conj/Fire      ####.        1%          1    None


Dungeon Overview and Level Annotations

Branches:
Dungeon (3/15)

Altars:
Gozag
Uskayaw


Message History

Ouch! That really hurt!
There is a stone staircase leading up here.
You see here 3 tomahawks.
Casting: Flame Tongue
Confirm with . or Enter, or press ? or * to list all spells.
Aiming: Flame Tongue
Press: ? - help, Shift-Dir - straight line, f - orc priest
Aim: an orc priest You feel a surge of power!
The flame tongue hits the orc priest.
The orc priest is severely wounded.
Casting: Flame Tongue
Confirm with . or Enter, or press ? or * to list all spells.
Aiming: Flame Tongue
Press: ? - help, Shift-Dir - straight line, f/p - orc priest
Aim: an orc priest (severely wounded)
You feel a surge of power!
The flame tongue misses the orc priest.
The orc priest invokes the aid of Beogh against you.
Beogh smites you!
Ouch! That really hurt!
You die...

.####..).......
...............
.........#.....
#.#####...#......#
+.................
#.#..............#
#####oo##..##..#
#########..##..# #.# .
.......@#..##..# #.# #..
#........oo##..###.#....
#..###................†.
. ..####.)..............
.......)888....#....##
..##.8..._...8......#
#.....).........##
#.8.......8..#..#
#...........##.>#


You could see 2 orc priests.

Vanquished Creatures
  An orc priest (D:3)
  4 adders (D:2)
  2 oozes (D:2)
  A worm (D:2)
  2 dart slugs (D:1)
  3 giant geckos
  4 orcs
  7 bats
  A giant cockroach (D:3)
  6 goblins
  3 hobgoblins
  4 jackals (D:2)
  4 kobolds
  6 rats
48 creatures vanquished.

Notes
Turn   | Place    | Note
--------------------------------------------------------------
     0 | D:1      | Laan the Deep Elf Fire Elementalist began the quest for the Orb.
     0 | D:1      | Reached XP level 1. HP: 10/10 MP: 6/6
   120 | D:1      | Reached skill level 2 in Conjurations
   256 | D:1      | Reached XP level 2. HP: 15/15 MP: 5/8
   728 | D:2      | Reached skill level 3 in Conjurations
  1026 | D:2      | Reached XP level 3. HP: 19/19 MP: 4/9
  1319 | D:2      | Found an opulent altar of Gozag.
  1326 | D:2      | Reached skill level 4 in Conjurations
  1418 | D:2      | Reached XP level 4. HP: 24/24 MP: 6/10
  2158 | D:3      | Found a hide-covered altar of Uskayaw.
  2347 | D:3      | Reached skill level 5 in Conjurations
  2437 | D:3      | Killed from afar by an orc priest

Vault maps used:
D:1:      lemuel_arrival_rhombus
D:2:      grunt_gozag_statues, serial_park_tiny_2
D:3:      eat_drink_and_be_merry_uskayaw

Skill      XL: |  1  2  3  4 |
---------------+-------------+-----
Conjurations   | 2 3 4 5 |  5.3
Dodging        | |  2.4
Stealth        | |  2.4
Spellcasting   | |  3.0
Fire Magic     | |  3.2

Action                   |  1- 3 |  4- 6 || total
-------------------------+-------+-------++-------
Melee: Dagger            |     6 |       ||     6
 Cast: Flame Tongue      |    46 |    41 ||    87
  Use: Potion            |     1 |       ||     1
 Stab: Sleeping          |     1 |       ||     1
  Eat: Chunk             |     1 |     3 ||     4
Armor: Robe              |     4 |     5 ||     9
Dodge: Dodged            |    10 |     9 ||    19
